cohdb
Replays
Latest Replays
All Replays
Popular Replays
Top Player Replays
Match Explorer
How It Works
Community
CoH3 Stats
Reddit
Sign in to upload your games and track your stats! →
Sign in with Steam
Match 44501860
Unlisted
Match 44501860
Overview
Messages
Build Orders
End
Panzerpioneer Squad
Selects Panzerjäger Kommand Battlegroup
Selects Mine Fields
Panzergrenadier Squad
250 Light Carrier
Panzergrenadier Squad
Selects Tank Busters
Construct Light Support Kompanie
Fire Support Elements
Flakvierling Half-track
Panzerjäger Mechanized Group
Selects Defensive Positions
Construct Mechanized Kompanie
Selects Butterfly Bomb Drop
StuG III D Assault Gun
Veteran Squad Leaders
Marder III Tank Destroyer
Selects Crew Shock Tactics
Assault Mechanized Group
Butterfly Bomb Drop
Marder III Tank Destroyer
StuG III D Assault Gun
Emergency Repair Kits
Assault Mechanized Group
254 Reconnaissance Tractor
Butterfly Bomb Drop
Tungsten Core Ammunition
Marder III Tank Destroyer
Butterfly Bomb Drop
Selects Anti-tank Overwatch
Butterfly Bomb Drop
Napy
Howdenn
NoD
Gandhi
jimmy82lao
Legionary
0
0
Comments
sign in to comment!
No comments posted yet!